MID
BELOIT SNAPPERS @ KANE COUNTY COUGARS
08/09/2099
 
TOP OF THE 1ST
Beloit Snappers batting - Pitching for Kane County Cougars : RHP Jason Clemens
Pitching: RHP Jason Clemens
Batting: LHB Craig Svare 0-0: Foul Ball, location: 2F
0-1: Called Strike
0-2: Strikes out looking
Batting: LHB Chris Taylor 0-0: Ball
1-0: Called Strike
1-1: SINGLE (Line Drive, 56D, EV 98.8 MPH)
Batting: RHB Justin Hagwood 0-0: Foul Ball, location: 2F
0-1: Foul Ball, location: 9LSF
0-2: Ball
1-2: Strikes out swinging
Batting: SHB Keith Lirette 0-0: Ball
1-0: Called Strike
1-1: Ball
2-1: Ball
3-1: TRIPLE (Flyball, 8RXD, EV 93.1 MPH)
Chris Taylor scores
Batting: RHB Curt Lowery 0-0: Ball
1-0: Ball
2-0: Ball
3-0: Base on Balls
Batting: SHB Dave Feltham 0-0: Foul Ball, location: 3FF
0-1: Ball
Wild Pitch!
Keith Lirette scores
Curt Lowery to second
1-1: SINGLE (Groundball, 4MD, EV 102.5 MPH)
Curt Lowery to third
Runner from 3rd tries for Home, SAFE, throw by CF to home
Batting: LHB Andres Rivera 0-0: Ball
1-0: Ball
2-0: Ball
3-0: Called Strike
3-1: Foul Ball, location: 3F
3-2: Foul Ball, location: 2F
3-2: Base on Balls
Dave Feltham to second
Batting: RHB Brett Sarrica 0-0: Swinging Strike
0-1: Foul Ball, location: 3FF
0-2: Ball
1-2: Strikes out swinging
Top of the 1st over - 3 runs, 3 hits, 0 errors, 2 left on base; Beloit 3 - Kane County 0
BOTTOM OF THE 1ST
Kane County Cougars batting - Pitching for Beloit Snappers : LHP Mike Fletcher
Pitching: LHP Mike Fletcher
Batting: LHB Tony Terrazas 0-0: Ball
1-0: Fly out, F7 (Flyball, 7, EV 81.9 MPH)
Batting: RHB Jim Unknown 0-0: Ball
1-0: Swinging Strike
1-1: Called Strike
1-2: Foul Ball, location: 7LSF
1-2: Foul Ball, location: 2F
1-2: Ball
2-2: Ground out 5-3 (Groundball, 5S, EV 73.8 MPH)
Batting: RHB Brian Noonan 0-0: DOUBLE (Line Drive, 9LS, EV 92.5 MPH)
Batting: RHB Jim Unknown 0-0: Swinging Strike
0-1: Called Strike
0-2: Ball
1-2: Ball
2-2: Ground out 5-3 (Groundball, 56, EV 80.6 MPH)
Bottom of the 1st over - 0 runs, 1 hit, 0 errors, 1 left on base; Beloit 3 - Kane County 0
TOP OF THE 2ND
Beloit Snappers batting - Pitching for Kane County Cougars : RHP Jason Clemens
Batting: RHB Kyle Lembcke 0-0: Ball
1-0: Ball
2-0: Ball
3-0: Called Strike
3-1: Called Strike
3-2: Foul Ball, location: 2F
3-2: Base on Balls
Batting: LHB Craig Svare 0-0: Ball
1-0: Swinging Strike
1-1: Foul Ball, location: 2F
1-2: Fly out, F9 (Flyball, 9LS, EV 92.5 MPH)
Batting: LHB Chris Taylor 0-0: Foul Ball, location: 2RF
0-1: Ball
1-1: Fly out, F2 (Popup, 25F, EV 86.3 MPH)
Batting: RHB Justin Hagwood 0-0: Swinging Strike
Passed Ball!
Kyle Lembcke to second
0-1: Ball
1-1: Ball
2-1: Ground out 4-3 (Groundball, 4M, EV 101.9 MPH)
Top of the 2nd over - 0 runs, 0 hits, 0 errors, 1 left on base; Beloit 3 - Kane County 0
BOTTOM OF THE 2ND
Kane County Cougars batting - Pitching for Beloit Snappers : LHP Mike Fletcher
Batting: RHB Jim Unknown 0-0: Called Strike
0-1: Ball
1-1: SINGLE (Flyball, 9LS, EV 96.3 MPH)
Batting: LHB Jim Unknown 0-0: Ball
1-0: Ball
Jim Unknown steals 2nd base (no throw)
2-0: Fly out, F5 (Popup, 56S, EV 80.0 MPH)
Pitching: RHP Kevin Ewing
Batting: RHB Jim Unknown 0-0: Swinging Strike
0-1: Foul Ball, location: 9LDF
0-2: Strikes out swinging
Batting: RHB Jim Unknown 0-0: DOUBLE (Line Drive, 8RD, EV 106.9 MPH)
Jim Unknown scores
Batting: SHB Jim Unknown 0-0: Ball
1-0: Foul Ball, location: 7LDF
1-1: Foul Ball, location: 23FF
1-2: Foul Ball, location: 7LSF
1-2: Ground out U3 (Groundball, 3L, EV 79.4 MPH)
Bottom of the 2nd over - 1 run, 2 hits, 0 errors, 1 left on base; Beloit 3 - Kane County 1
TOP OF THE 3RD
Beloit Snappers batting - Pitching for Kane County Cougars : RHP Jason Clemens
Batting: SHB Keith Lirette 0-0: Called Strike
0-1: Called Strike
0-2: Foul Ball, location: 2F
0-2: Fly out, F8 (Flyball, 8LXD, EV 101.9 MPH)
Batting: RHB Curt Lowery 0-0: Ball
1-0: Called Strike
1-1: Ball
2-1: Swinging Strike
2-2: Ball
3-2: Base on Balls
Batting: SHB Dave Feltham 0-0: Swinging Strike
0-1: Grounds into double play, 4-6-3 (Groundball, 4MS, EV 83.1 MPH)
Top of the 3rd over - 0 runs, 0 hits, 0 errors, 0 left on base; Beloit 3 - Kane County 1
BOTTOM OF THE 3RD
Kane County Cougars batting - Pitching for Beloit Snappers : RHP Kevin Ewing
Batting: LHB Tony Terrazas 0-0: Foul Ball, location: 5FF
0-1: Called Strike
0-2: Ball
1-2: Ball
2-2: Foul Ball, location: 23F
2-2: Strikes out looking
Batting: RHB Jim Unknown 0-0: Fly out, F8 (Flyball, 78S, EV 85.6 MPH)
Batting: RHB Brian Noonan 0-0: Ball
1-0: Ball
2-0: Ball
3-0: Base on Balls
Batting: RHB Jim Unknown 0-0: Ball
1-0: Ball
2-0: Ball
3-0: Called Strike
3-1: Ground out 6-3 (Groundball, 56, EV 99.4 MPH)
Bottom of the 3rd over - 0 runs, 0 hits, 0 errors, 1 left on base; Beloit 3 - Kane County 1
TOP OF THE 4TH
Beloit Snappers batting - Pitching for Kane County Cougars : RHP Jason Clemens
Batting: LHB Andres Rivera 0-0: Called Strike
0-1: Foul Ball, location: 5FF
0-2: Foul Ball, location: 2F
0-2: Ball
1-2: SINGLE (Groundball, 34D, EV 105.6 MPH)
Batting: RHB Brett Sarrica 0-0: Fly out, F7 (Flyball, 7S, EV 87.5 MPH)
Batting: RHB Kyle Lembcke 0-0: Called Strike
0-1: Ball
1-1: Swinging Strike
1-2: Grounds into double play, 4-6-3 (Groundball, 34, EV 100.6 MPH)
Top of the 4th over - 0 runs, 1 hit, 0 errors, 0 left on base; Beloit 3 - Kane County 1
BOTTOM OF THE 4TH
Kane County Cougars batting - Pitching for Beloit Snappers : RHP Kevin Ewing
Batting: RHB Jim Unknown 0-0: Called Strike
0-1: Ball
1-1: Ball
2-1: Foul Ball, location: 2F
2-2: Strikes out looking
Batting: LHB Jim Unknown 0-0: Ground out 3-1 (Groundball, 34S, EV 72.5 MPH)
Batting: RHB Jim Unknown 0-0: Ball
1-0: Fly out, F8 (Flyball, 8LD, EV 96.3 MPH)
Bottom of the 4th over - 0 runs, 0 hits, 0 errors, 0 left on base; Beloit 3 - Kane County 1
TOP OF THE 5TH
Beloit Snappers batting - Pitching for Kane County Cougars : RHP Jason Clemens
Batting: LHB Craig Svare 0-0: Foul Ball, location: 2F
0-1: Ball
1-1: Swinging Strike
1-2: Ball
2-2: Ball
3-2: Foul Ball, location: 5F
3-2: Fly out, F9 (Flyball, 89S, EV 91.3 MPH)
Batting: LHB Chris Taylor 0-0: Fly out, F8 (Flyball, 8RS, EV 85.0 MPH)
Batting: RHB Justin Hagwood 0-0: Foul Ball, location: 25FF
0-1: Ball
1-1: Ball
2-1: Swinging Strike
2-2: Foul Ball, location: 2F
2-2: Ball
3-2: Foul Ball, location: 9LDF
3-2: Fly out, F8 (Flyball, 8LD, EV 95.0 MPH)
Top of the 5th over - 0 runs, 0 hits, 0 errors, 0 left on base; Beloit 3 - Kane County 1
BOTTOM OF THE 5TH
Kane County Cougars batting - Pitching for Beloit Snappers : RHP Kevin Ewing
Batting: RHB Jim Unknown 0-0: Called Strike
0-1: Ball
1-1: Ground out 4-3 (Groundball, 4, EV 91.9 MPH)
Batting: SHB Jim Unknown 0-0: Called Strike
0-1: Ball
1-1: Called Strike
1-2: Ground out 4-3 (Groundball, 4, EV 88.1 MPH)
Batting: LHB Tony Terrazas 0-0: Swinging Strike
0-1: Called Strike
0-2: Ball
1-2: Fly out, F7 (Flyball, 7D, EV 105.0 MPH)
Bottom of the 5th over - 0 runs, 0 hits, 0 errors, 0 left on base; Beloit 3 - Kane County 1
TOP OF THE 6TH
Beloit Snappers batting - Pitching for Kane County Cougars : RHP Jason Clemens
Batting: SHB Keith Lirette 0-0: Ball
1-0: Swinging Strike
1-1: Ball
2-1: Swinging Strike
2-2: Foul Ball, location: 2F
2-2: Strikes out looking
Pitching: RHP Norbert Trillo
Batting: RHB Curt Lowery 0-0: Called Strike
0-1: Foul Ball, location: 3FF
0-2: Ball
1-2: Ground out 4-3 (Groundball, 4, EV 87.5 MPH)
Batting: SHB Dave Feltham 0-0: Ball
1-0: Foul Ball, location: 7LDF
1-1: Foul Ball, location: 3DF
1-2: Strikes out looking
Top of the 6th over - 0 runs, 0 hits, 0 errors, 0 left on base; Beloit 3 - Kane County 1
BOTTOM OF THE 6TH
Kane County Cougars batting - Pitching for Beloit Snappers : RHP Kevin Ewing
Batting: RHB Jim Unknown 0-0: Ball
1-0: Ground out 5-3 (Groundball, 5, EV 91.3 MPH)
Batting: RHB Brian Noonan 0-0: Ball
1-0: Ball
2-0: Called Strike
2-1: Called Strike
2-2: Ball
3-2: Strikes out swinging
Batting: RHB Jim Unknown 0-0: Ball
1-0: SINGLE (Groundball, 5D, EV 106.9 MPH)
Batting: RHB Jim Unknown 0-0: Foul Ball, location: 7LMF
0-1: Called Strike
0-2: Ball
1-2: Foul Ball, location: 2F
1-2: Strikes out swinging
Bottom of the 6th over - 0 runs, 1 hit, 0 errors, 1 left on base; Beloit 3 - Kane County 1
TOP OF THE 7TH
Beloit Snappers batting - Pitching for Kane County Cougars : RHP Norbert Trillo
Batting: LHB Andres Rivera 0-0: Ball
1-0: DOUBLE (Line Drive, 78D, EV 101.3 MPH)
Batting: RHB Brett Sarrica 0-0: Ball
1-0: Foul Ball, location: 2F
1-1: Ball
2-1: Called Strike
2-2: Foul Ball, location: 2RF
2-2: Ball
3-2: Ground out 4-3 (Groundball, 4M, EV 84.4 MPH)
Andres Rivera to third
Batting: RHB Kyle Lembcke 0-0: Called Strike
0-1: Ball
1-1: Swinging Strike
1-2: Strikes out swinging
Batting: LHB Craig Svare 0-0: Called Strike
0-1: Swinging Strike
0-2: Strikes out swinging
Top of the 7th over - 0 runs, 1 hit, 0 errors, 1 left on base; Beloit 3 - Kane County 1
BOTTOM OF THE 7TH
Kane County Cougars batting - Pitching for Beloit Snappers : RHP Kevin Ewing
Batting: LHB Jim Unknown 0-0: Called Strike
0-1: Called Strike
0-2: Ball
1-2: Strikes out swinging
Batting: RHB Jim Unknown 0-0: Ball
1-0: Called Strike
1-1: Fly out, F6 (Popup, P, EV 84.4 MPH)
Batting: RHB Jim Unknown 0-0: Ball
1-0: Called Strike
1-1: Swinging Strike
1-2: Ball
2-2: Foul Ball, location: 3FF
2-2: Strikes out swinging
Bottom of the 7th over - 0 runs, 0 hits, 0 errors, 0 left on base; Beloit 3 - Kane County 1
TOP OF THE 8TH
Beloit Snappers batting - Pitching for Kane County Cougars : RHP Norbert Trillo
Pitching: RHP Jon Jones
Batting: LHB Chris Taylor 0-0: Called Strike
0-1: Ball
1-1: Ball
2-1: Swinging Strike
2-2: Foul Ball, location: 25FF
2-2: Foul Ball, location: 7LSF
2-2: SINGLE (Line Drive, 8RS, EV 96.9 MPH)
Batting: RHB Justin Hagwood 0-0: Called Strike
0-1: Swinging Strike
0-2: Strikes out swinging
Batting: SHB Keith Lirette 0-0: Ball
Chris Taylor steals 2nd base
1-0: Swinging Strike
1-1: DOUBLE (Line Drive, 89XD, EV 104.4 MPH)
Chris Taylor scores
Batting: RHB Curt Lowery 0-0: SINGLE (Line Drive, 89S, EV 88.8 MPH)
Keith Lirette to third
Batting: SHB Dave Feltham 0-0: Ball
1-0: Fly out, F9 (Flyball, 9, EV 95.6 MPH)
Runner from 3rd tags up, SCORES, throw by RF
Batting: LHB Andres Rivera 0-0: Ball
1-0: Called Strike
1-1: SINGLE (Groundball, 4MD, EV 86.3 MPH) (infield hit)
Curt Lowery to second
Batting: RHB Brett Sarrica 0-0: Fielders Choice at 2nd, 6-4 (Groundball, 6, EV 85.0 MPH)
Top of the 8th over - 2 runs, 4 hits, 0 errors, 2 left on base; Beloit 5 - Kane County 1
BOTTOM OF THE 8TH
Kane County Cougars batting - Pitching for Beloit Snappers : RHP Kevin Ewing
Batting: SHB Jim Unknown 0-0: Ball
1-0: Called Strike
1-1: Fly out, F8 (Flyball, 89D, EV 78.1 MPH)
Batting: LHB Tony Terrazas 0-0: Called Strike
0-1: Ball
1-1: Ball
2-1: DOUBLE (Line Drive, 9LM, EV 101.3 MPH)
Batting: RHB Jim Unknown 0-0: Ball
1-0: Called Strike
1-1: Swinging Strike
1-2: Strikes out looking
Batting: RHB Brian Noonan 0-0: Foul Ball, location: 9LDF
0-1: Ball
1-1: Swinging Strike
1-2: Strikes out swinging
Bottom of the 8th over - 0 runs, 1 hit, 0 errors, 1 left on base; Beloit 5 - Kane County 1
TOP OF THE 9TH
Beloit Snappers batting - Pitching for Kane County Cougars : RHP Jon Jones
Batting: RHB Kyle Lembcke 0-0: Ball
1-0: Ground out 6-3 (Groundball, 56, EV 110.0 MPH)
Batting: LHB Craig Svare 0-0: Foul Ball, location: 2F
0-1: Ball
1-1: Foul Ball, location: 7LDF
1-2: Foul Ball, location: 3F
1-2: Ball
2-2: Strikes out looking
Batting: LHB Chris Taylor 0-0: Fly out, F5 (Popup, 15, EV 85.6 MPH)
Top of the 9th over - 0 runs, 0 hits, 0 errors, 0 left on base; Beloit 5 - Kane County 1
BOTTOM OF THE 9TH
Kane County Cougars batting - Pitching for Beloit Snappers : RHP Kevin Ewing
Batting: RHB Jim Unknown 0-0: Ball
1-0: Fly out, F8 (Flyball, 8LM, EV 94.4 MPH)
Batting: RHB Jim Unknown 0-0: Foul Ball, location: 5FF
0-1: Called Strike
0-2: Ball
1-2: Strikes out swinging
Batting: LHB Jim Unknown 0-0: Ground out 5-3 (Groundball, 5, EV 85.6 MPH)
Bottom of the 9th over - 0 runs, 0 hits, 0 errors, 0 left on base; Beloit 5 - Kane County 1
Tuesday, May 14th , 2024 - OOTP Baseball 24.11 Build 85